 Dungeon Crawl Stone Soup version 0.17.0-22-g5edae84 (webtiles) character file.

59 Avanven the Chucker (level 4, 0/45 HPs)
             Began as an Ogre Hunter on Nov 13, 2015.
             Slain by an orc wizard
             ... wielding a +0 dagger of pain
              (2 damage)
             ... on level 3 of the Dungeon.
             The game lasted 00:05:24 (2080 turns).

Avanven the Chucker (Ogre Hunter)                   Turns: 2080, Time: 00:05:24

Health: 0/45       AC:  3    Str: 17    XL:     4   Next: 3%
Magic:  4/4        EV: 14    Int: 10    God:
Gold:   101        SH:  0    Dex: 11    Spells: 0 memorised, 3 levels left

rFire  . . .     SeeInvis .     i - +0 club
rCold  . . .     Clarity  .     d - +0 robe
rNeg   . . .     SustAt   .     (no shield)
rPois  .         Gourm    .     (helmet restricted)
rElec  .         Spirit   .     (no cloak)
rCorr  .         Warding  .     (gloves unavailable)
rMut   .         Stasis   .     (boots unavailable)
MR     .....                    (no amulet)
Stlth  +.........               (no ring)
                                k - +4 ring of evasion

@: very slightly contaminated, hasted and slowed, not resistant to hostile
enchantments, very unstealthy
A: unfitting armour, tough skin 1
a: no special abilities


You were on level 3 of the Dungeon.
You were not hungry.

You visited 1 branch of the dungeon, and saw 3 of its levels.

You collected 101 gold pieces.

Inventory:

Hand Weapons
 c - a +0 short sword
 i - a +0 club (weapon)
Missiles
 a - 4 large rocks (quivered)
 b - 2 throwing nets
Armour
 d - a +0 robe (worn)
Jewellery
 k - a +4 ring of evasion (left hand)
Scrolls
 f - a scroll of recharging {unknown}
 m - 2 scrolls of identify
 n - a scroll of teleportation {unknown}
 o - a scroll of amnesia {unknown}
 p - a scroll of blinking {unknown}
 q - a scroll of fog {unknown}
Potions
 l - a potion of lignification {unknown}
 r - a potion of curing {unknown}
Comestibles
 e - a bread ration
 h - 2 meat rations
 j - 3 fruits
 s - a chunk of flesh


   Skills:
 - Level 3.2 Fighting
 * Level 3.1 Maces & Flails
 + Level 4.6 Throwing
 - Level 1.7 Dodging
 - Level 0.7 Stealth


You had 3 spell levels left.
You didn't know any spells.

Dungeon Overview and Level Annotations

Branches:
Dungeon (3/15)

Altars:

Annotations:
D:1 1 runed door


Innate Abilities, Weirdness & Mutations

You are too large for most types of armour.
You have tough skin (AC +1).


Message History

You feel yourself slow down. The giant gecko barely misses you.
The orc closely misses you.
The orc wizard hits you but does no damage.
You writhe in agony.
The giant gecko bites you but does no damage.
Drink which item? (? for menu, Esc to quit)
It was a potion of haste.
You feel yourself speed up.
The orc wizard hits you with a dagger of pain.
You writhe in agony.
The giant gecko bites you.
The orc wizard points at you and mumbles some strange words.
The magic dart hits you!
* * * LOW HITPOINT WARNING * * *
The orc hits you with a short sword.
* * * LOW HITPOINT WARNING * * *
The orc completely misses you. The giant gecko misses you.
You are very lightly contaminated with residual magic.
The orc wizard barely misses you. The orc barely misses you.
The orc wizard closely misses you.
The orc wizard hits you with a dagger of pain.
You die...

##. ...........#
.>#####.#.####.#.#
...#..........#.###
.o#..#########...#
r..# ###.# #gl# #.#
#oo# #.# #o.# #.#
#@.# #.# #..# #.#
####### #..### #.#
#.....###(...###
#.##
#.##...........#
#...
#.###.####.#.#.#
#### #.# ###
#.#.#.# # #.#
#.#.#.# # #.#
#.#.#.. #


You could see an orc wizard, 3 orcs, a giant gecko, a goblin and a rat.

Vanquished Creatures
  An ooze (D:2)
  2 giant geckos (D:2)
  An orc (D:3)
  4 bats
  A giant cockroach (D:3)
  14 hobgoblins
  3 jackals (D:1)
  2 kobolds
  A quokka (D:2)
  4 giant newts
  7 goblins
  8 rats
48 creatures vanquished.

Notes
Turn   | Place    | Note
--------------------------------------------------------------
     0 | D:1      | Avanven the Ogre Hunter began the quest for the Orb.
     0 | D:1      | Reached XP level 1. HP: 22/22 MP: 1/1
     0 | D:1      | Noticed a jelly
     1 | D:1      | Found a runed door.
   225 | D:1      | Reached XP level 2. HP: 22/31 MP: 2/2
  1027 | D:1      | Reached skill level 1 in Maces & Flails
  1068 | D:2      | Reached XP level 3. HP: 31/37 MP: 3/3
  2008 | D:3      | Reached XP level 4. HP: 42/45 MP: 4/4
  2078 | D:3      | HP: 2/45 [orc/short sword (5)]
  2080 | D:3      | Slain by an orc wizard

Action                   |  1- 3 |  4- 6 || total
-------------------------+-------+-------++-------
Melee: Short sword       |    37 |       ||    37
       Club              |   176 |    14 ||   190
Throw: Large rock        |     2 |       ||     2
  Use: Scroll            |     1 |       ||     1
       Potion            |       |     1 ||     1
 Stab: Sleeping          |     3 |       ||     3
  Eat: Chunk             |     4 |       ||     4
